 Dungeon Crawl Stone Soup version 0.26.1-10-gdfb7c7de75 (webtiles) character file.

Game seed: 7842360470857598816

34 Phaedo the Ruffian (level 3, 0/31 HPs)
             Began as a Naga Transmuter on Apr 10, 2021.
             Slain by a bullfrog (5 damage)
             ... on level 2 of the Dungeon.
             The game lasted 00:05:01 (1404 turns).

Phaedo the Ruffian (Naga Transmuter)                Turns: 1404, Time: 00:05:01

Health: 0/31       AC:  2    Str: 12    XL:     3   Next: 31%
Magic:  5/6        EV:  9    Int: 14    God:
Gold:   73         SH:  0    Dex: 11    Spells: 5/6 levels left

rFire    . . .     SeeInvis +     - Unarmed
rCold    . . .     Faith    .   (no shield)
rNeg     . . .     Spirit   .   c - +0 leather armour
rPois    +         Reflect  .   (helmet currently unavailable)
rElec    .         Harm     .   (no cloak)
rCorr    .         Rampage  .   (no gloves)
Will     .....                  (no barding)
Stlth    ++........             (no amulet)
HPRegen  0.10/turn              (no ring)
MPRegen  0.10/turn              (no ring)

@: appendages (expiring), very slow
A: large, horns 2, see invisible, deformed body, poison resistance, slowness 2,
spit poison 1, AC +1
a: Spit Poison, End Transformation


You were on level 2 of the Dungeon.
You had grown temporary horns.
You visited 1 branch of the dungeon, and saw 2 of its levels.

You collected 73 gold pieces.

Inventory:

Hand Weapons
 b - a +0 hunting sling
Missiles
 i - 40 stones
Armour
 a - a +0 robe
 c - a +0 leather armour (worn)
 f - a +0 helmet (melded)
Jewellery
 h - a cursed ring of attention {unknown}
Scrolls
 d - a scroll of teleportation {unknown}
 e - a scroll of identify {unknown}
 g - a scroll of remove curse {unknown}


   Skills:
 - Level 1.0 Fighting
 + Level 1.8 Dodging
 * Level 2.0 Stealth
 * Level 3.5 Unarmed Combat
 + Level 2.2 Spellcasting
 + Level 2.3 Transmutations


You had 5 spell levels left.
You knew the following spells:

 Your Spells              Type           Power        Failure   Level
a - Beastly Appendage     Tmut           16%          12%         1

Your spell library contained the following spells:

 Spells                   Type           Power        Failure   Level
 Wereblood                Tmut           8%           17%         2
 Spider Form              Tmut/Pois      2%           50%         3
 Ice Form                 Ice/Tmut       4%           88%         4
 Blade Hands              Tmut           4%           97%         5


Dungeon Overview and Level Annotations

Branches:
Dungeon (2/15)

Altars:

Annotations:
D:2 exclusion: bullfrog


Innate Abilities, Weirdness & Mutations

You cannot wear boots.
Your serpentine skin is tough. (AC +1)
You have supernaturally acute eyesight. (SInv)
Armour fits poorly on your strangely shaped body.
Your system is resistant to poisons. (rPois)
You cover ground very slowly.
You can spit poison.
You have a pair of horns on your head.


Message History

The bullfrog hits you.
The bullfrog hits you but does no damage.
You barely miss the bullfrog.
The bullfrog is moderately wounded.
The bullfrog hits you.
You hit the bullfrog but do no damage. You headbutt the bullfrog!
The bullfrog is severely wounded.
The bullfrog hits you.
You closely miss the bullfrog.
The bullfrog is severely wounded.
The bullfrog hits you.
* * * LOW HITPOINT WARNING * * *
The bullfrog closely misses you.
Unknown command.
Unknown command.
You aren't carrying any potions.
You hit the bullfrog.
The bullfrog is severely wounded.
The bullfrog hits you.
You die...

........... #≈# ..........
#≈≈ .......#.. ≈≈≈≈≈
.......#.##≈#≈≈#≈≈#.....
.......#.#≈≈≈≈≈≈≈≈#..#..
.........≈≈#≈≈≈#≈≈#.....
.........##≈≈≈≈≈≈##.....
#####....#≈≈#≈≈≈≈......
#.@..≈##≈≈###..###.
#.######.F....≈≈##........
.......'................)<
#.######.()..#...#...#####
.#######.####.#.#...#
...g......# #.#.#...#
..........# #.#.##..#
...(..$...# #.#.##..#
F.........# .........


You could see a bullfrog.

Vanquished Creatures
  A dart slug (D:1)
  6 goblins (D:1)
  3 hobgoblins
  4 jackals (D:1)
  2 ball pythons (D:1)
  8 bats (D:1)
  2 frilled lizards (D:1)
  2 kobolds
  4 rats (D:1)
32 creatures vanquished.

Notes
Turn   | Place    | Note
-------+----------+-------------------------------------------
     0 | D:1      | Phaedo the Naga Transmuter began the quest for the Orb.
     0 | D:1      | Reached XP level 1. HP: 18/18 MP: 3/3
   332 | D:1      | Reached skill level 1 in Stealth
   332 | D:1      | Reached XP level 2. HP: 20/25 MP: 5/5
   980 | D:1      | Reached XP level 3. HP: 31/31 MP: 2/6
  1368 | D:2      | Noticed a bullfrog
  1404 | D:2      | Slain by a bullfrog

Illustrated notes

Levels and vault maps discovered:
D:1:      eino_arrival_cavern_c, layout_rooms
D:2:      layout_basic, lemuel_round_altar, minivault_4

Skill      XL: |  1  2  3 |
---------------+----------+-----
Stealth        | 1 2 |  2.0
Fighting       | |  1.0
Dodging        | |  1.8
Unarmed Combat | |  3.5
Spellcasting   | |  2.2
Transmutations | |  2.3

Action                   || total
-------------------------++-------
Melee: Unarmed           ||    98
       Headbutt          ||    10
 Fire: Hunting sling     ||    12
 Cast: Beastly Appendage ||    15
Armor: Leather armour    ||    33
Dodge: Dodged            ||    53
